 Dungeon Crawl Stone Soup version 0.28.0-55-gcd9437bce4 (webtiles) character file.

Game seed: 3321303073040596937

1283 tkbsonic5 the Charlatan (level 8, -1/48 (49) HPs)
             Began as a Kobold Artificer on Jan 14, 2023.
             Slain by a wight
             ... wielding a +1 flail of freezing
              (11 damage)
             ... on level 4 of the Dungeon.
             The game lasted 00:25:14 (7380 turns).

tkbsonic5 the Charlatan (Kobold Artificer)          Turns: 7380, Time: 00:25:16

HP:   -1/48 (49)    AC: 11    Str: 11    XL:     8   Next: 84%
MP:   8/8           EV:  5    Int: 12    God:
Gold: 106           SH:  5    Dex: 16    Spells: 7/7 levels left

rFire   . . .      SeeInvis .   a - +2 war axe (freeze)
rCold   . . .      Faith    .   x - +0 buckler
rNeg    . . .      Spirit   .   c - +0 plate armour
rPois   .          Reflect  .   (no helmet)
rElec   .          Harm     .   (no cloak)
rCorr   .          Rampage  .   (no gloves)
Will    +....                   (no boots)
Stlth   ..........              (no amulet)
HPRegen 0.16/turn               s - ring of willpower
MPRegen 0.11/turn               (no ring)

@: lightly drained
A: small, no large weapons, nightstalker 3
a: no special abilities


You were on level 4 of the Dungeon.
You visited 1 branch of the dungeon, and saw 5 of its levels.

You collected 274 gold pieces.
You spent 168 gold pieces at shops.

Inventory:

Hand Weapons
 a - a +2 war axe of freezing (weapon)
 d - a +0 shortbow
 e - a +1 vorpal hand axe
 g - a +5 flail
 h - a +1 hand axe of freezing
 i - a +0 antimagic dagger
 l - a +2 hand axe of electrocution
 q - the +1 whip of Cuakui {freeze, rF- MP+9 Str+2}
   (You found it on level 2 of the Dungeon)

   It freezes those it strikes, dealing additional cold damage.
   It can also slow down cold-blooded creatures.
   Str:       It affects your strength (+2).
   rF:        It makes you vulnerable to fire.
   MP:        It affects your magic capacity (+9).
Missiles
 f - 45 bolts
 m - 51 arrows
 p - 19 sling bullets
Armour
 b - a +0 leather armour
 c - a +0 plate armour (worn)
 t - a +0 ring mail
 x - a +0 buckler (worn)
Magical Staves
 u - a staff of earth
Jewellery
 s - a ring of willpower (left hand)


   Skills:
 * Level 5.0 Fighting
 - Level 1.1 Short Blades
 - Level 3.2 Axes
 * Level 0.0(2.0) Maces & Flails
 - Level 2.9 Armour
 * Level 5.2 Dodging
 - Level 4.8 Stealth
 - Level 2.0 Shields
 - Level 5.7 Evocations


You had 7 spell levels left.
You didn't know any spells.
Your spell library contained the following spells:

 Spells                   Type           Power      Damage    Failure   Level
 Dazzling Flash           Conj/Hex       0%         N/A       100%        3
 Agony                    Necr           0%         N/A       100%        5
 Silence                  Hex/Air        0%         N/A       100%        5


Dungeon Overview and Level Annotations

Branches:
Dungeon (5/15)
 Temple: D:4-7

Altars:
Xom

Shops:
D:2 :   D:5 (

Annotations:
D:4 Eustachio


Innate Abilities, Weirdness & Mutations

You are small and have problems with some larger weapons.
You are completely attuned to the shadows.


Message History

You hit the wight but do no damage. You block the wight's attack.
You hit the wight.
The wight is lightly damaged.
The wight hits you but does no damage. The wight completely misses you.
You hit the wight but do no damage.
The wight is lightly damaged.
The wight hits you with a +1 flail of freezing!
The wight freezes you.
You barely miss the wight.
The wight is lightly damaged.
The wight barely misses you. You block the wight's attack.
You hit the wight but do no damage.
The wight hits you with a +1 flail of freezing.
The wight freezes you.
You closely miss the wight.
The wight hits you with a +1 flail of freezing.
You feel drained. The wight freezes you.
You closely miss the wight.
The wight hits you with a +1 flail of freezing!
The wight freezes you.
* * * LOW HITPOINT WARNING * * *
You block the wight's attack.
You aren't carrying any scrolls.
You aren't carrying any potions.
You hit the wight but do no damage. The wight hits you but does no damage.
There is a stone staircase leading up here.
The wight hits you with a +1 flail of freezing.
* * * LOW HITPOINT WARNING * * *
The wight freezes you.
* * * LOW HITPOINT WARNING * * *
You climb upwards.
Level annotation: Eustachio
There is a stone staircase leading down, spattered with blood here.
You see here a +0 flail.
You aren't carrying any potions.
You aren't carrying any scrolls.
Your +2 war axe of freezing glows with a cold blue light!
a - a +2 war axe of freezing (weapon)
The wight hits you with a +1 flail of freezing!
You die...

#..[........###...
#.....####### #...
#.....############
#....>[...........
#...).#######.####
#.#.......[.......
#..............###
#z#.........<..#.#
####@#.#.#######..#..
#.................#.#
#....#.#............#
#....#.####..........
#....#...............
#....#....#..........
#....#..............#
#....#...............
#....####............


You could see a wight.

Vanquished Creatures
  Grinder (D:5)
  Edmund (D:5)
  An ogre (D:5)
  A centaur (D:5)
  A phantom (D:4)
  2 bullfrogs
  A gnoll sergeant (D:5)
  A scorpion (D:5)
  2 wights (D:4)
  An orc priest (D:3)
  2 bullfrog skeletons
  2 iguanas
  An orc wizard (D:2)
  2 hound skeletons
  5 gnolls
  5 adders
  3 worms
  A dart slug (D:1)
  6 orcs
  7 bats
  3 endoplasms (D:1)
  2 giant cockroaches (D:2)
  10 hobgoblins
  7 jackals
  3 kobolds
  4 quokkas
  11 ball pythons
  A frilled lizard (D:2)
  3 goblins
  A quokka skeleton (D:4)
  7 rats
98 creatures vanquished.

Vanquished Creatures (collateral kills)
  3 gnolls (D:3)
  4 orcs (D:2)
  A jackal (D:1)
  A quokka (D:3)
9 creatures vanquished.

Vanquished Creatures (others)
  A gnoll (D:3)
  3 jackals (D:1)
4 creatures vanquished.

Grand Total: 111 creatures vanquished

Notes
Turn   | Place    | Note
-------+----------+-------------------------------------------
     0 | D:1      | tkbsonic5 the Kobold Artificer began the quest for the Orb.
     0 | D:1      | Reached XP level 1. HP: 12/12 MP: 1/1
   221 | D:1      | Reached XP level 2. HP: 16/16 MP: 2/2
   778 | D:1      | Reached XP level 3. HP: 14/21 MP: 3/3
  2104 | D:2      | Reached XP level 4. HP: 26/26 MP: 4/4
  2124 | D:2      | Reached skill level 1 in Short Blades
  2367 | D:2      | Found a shimmering altar of Xom.
  2633 | D:2      | Found Feez's Book Shop.
  3026 | D:2      | Identified the +1 whip of Cuakui {freeze, rF- MP+9 Str+2}
  3030 | D:2      | Reached XP level 5. HP: 31/31 MP: 5/5
  3344 | D:3      | Reached skill level 1 in Armour
  3346 | D:3      | Reached skill level 1 in Axes
  3721 | D:3      | Reached XP level 6. HP: 36/36 MP: 6/6
  5029 | D:4      | Reached XP level 7. HP: 17/41 MP: 7/7
  5768 | D:5      | Entered Level 5 of the Dungeon
  6028 | D:5      | Noticed Edmund
  6094 | D:5      | Reached skill level 1 in Shields
  6094 | D:5      | Reached skill level 5 in Evocations
  6107 | D:5      | Killed Edmund
  6108 | D:5      | Reached XP level 8. HP: 27/48 MP: 8/8
  6196 | D:5      | Noticed Grinder
  6212 | D:5      | Killed Grinder
  6213 | D:5      | Reached skill level 5 in Dodging
  6219 | D:5      | Noticed Eustachio
  6419 | D:4      | HP: 2/48 [Eustachio/+0 falchion (2)]
  6982 | D:5      | Found Vuumoyth's Antique Weapon Shoppe.
  6994 | D:5      | Bought a runed hand axe for 168 gold pieces
  7301 | D:4      | Reached skill level 5 in Fighting
  7380 | D:4      | Slain by a wight

Illustrated notes

Levels and vault maps discovered:
D:1:      sevenhm_arrival_forest_fort_small_3, layout_loops_ring,
          nicolae_concentric_dashed_squares_wild
D:2:      minmay_razor_zed, layout_basic, serial_shops, shop, basic_altar
D:3:      layout_loops_cross, serial_aquarium, aquarium_bridge_square
          [aquarium_subvault_bridge, aquarium_subvault_wall,
          aquarium_subvault_wall, aquarium_subvault_bridge],
          aquarium_bridge_long_separate [aquarium_subvault_balcony,
          aquarium_subvault_bridge, aquarium_subvault_bridge,
          aquarium_subvault_bridge, aquarium_subvault_wall,
          aquarium_subvault_window], aquarium_window_corridor_3,
          aquarium_window_2, aquarium_window_fake, aquarium_window_fake,
          aquarium_view_2f, aquarium_pool_2, minmay_misc_feat_more_columns,
          minivault_14
D:4:      layout_basic
D:5:      layout_basic, serial_shops, nicolae_shop_hallway_stairs,
          columned_hall_lemuel, uniq_edmund, uniq_eustachio, uniq_duvessa,
          uniq_grinder

Skill      XL: |  1  2  3  4  5  6  7  8 |
---------------+-------------------------+-----
Stealth        | 2 3 4 |  4.8
Evocations     | 4 5 |  5.7
Fighting       | 2 3 4 5 |  5.0
Short Blades   | 1 |  1.1
Armour         | 1 2 |  2.9
Axes           | 1 2 3 |  3.2
Dodging        | 3 4 5 |  5.2
Shields        | 1 2 |  2.0

Action                   |  1- 3 |  4- 6 |  7- 9 || total
-------------------------+-------+-------+-------++-------
Melee: Club              |    22 |       |       ||    22
       Short sword       |   105 |       |       ||   105
       Punch             |     2 |     1 |       ||     3
       Hand axe          |       |    60 |       ||    60
       War axe           |       |    64 |   101 ||   165
       Flail             |       |       |     8 ||     8
Throw: Throwing net      |       |     1 |       ||     1
Evoke: Wand              |    17 |    12 |    17 ||    46
       Piece from Xom's  |     1 |     2 |    18 ||    21
  Use: Scroll            |       |     3 |     6 ||     9
       Potion            |       |     3 |     8 ||    11
 Stab: Sleeping          |     6 |    11 |     2 ||    19
       Distracted        |     1 |     1 |       ||     2
       Petrifying        |     1 |       |       ||     1
       Paralysed         |       |     1 |       ||     1
       Confused          |       |     1 |       ||     1
       Held in net/web   |       |     1 |       ||     1
       Petrified         |       |       |     9 ||     9
Armor: Leather armour    |    39 |     7 |       ||    46
       Ring mail         |       |     3 |       ||     3
       Plate armour      |       |    23 |    58 ||    81
       Skin              |       |       |     5 ||     5
Dodge: Dodged            |   127 |    67 |    45 ||   239
Block: Buckler           |       |       |    29 ||    29
